 Dungeon Crawl Stone Soup version 0.31.0-11-ge490571c62 (webtiles) character file.

Game seed: 1533715462122964513

105 Gadfly the Insei (level 4, -3/35 HPs)
             Began as a Demonspawn Monk on Feb 1, 2024.
             Slain by a goblin
             ... wielding a +0 club
             ... led by Robin
              (4 damage)
             ... on level 4 of the Dungeon.
             The game lasted 00:02:32 (2469 turns).

Gadfly the Insei (Demonspawn Monk)                  Turns: 2469, Time: 00:02:33

Health: -3/35      AC:  2    Str: 13    XL:     4   Next: 54%
Magic:  5/5        EV: 13    Int: 10    God:
Gold:   117        SH:  0    Dex: 16    Spells: 3/3 levels left

rFire   . .          .
                       - Unarmed
rCold   . . .        c - orb {light}
rNeg    . . .        a - +0 robe
rPois   .            (no helmet)
rElec   .            (no cloak)
rCorr   .            (no gloves)
SInv    .            (no boots)
Will    .....        (no amulet)
Stlth   +            g - +4 ring of slaying
HPRegen 0.25/turn    (no ring)
MPRegen 0.09/turn

%: no passive effects
@: glowing
A: weakness stinger 2
a: no special abilities


You were on level 4 of the Dungeon.
You visited 1 branch of the dungeon, and saw 4 of its levels.

You collected 117 gold pieces.

Inventory:

Armour
 a - a +0 robe (worn)
 c - an orb of light (worn)
Jewellery
 g - a +4 ring of slaying (left hand)
Scrolls
 d - 3 scrolls of identify
 e - a scroll of revelation
Potions
 i - a potion of haste
 k - a potion of enlightenment {unknown}
 l - a potion of lignification {unknown}


   Skills:
 - Level 3.0 Fighting
 + Level 3.0 Dodging
 * Level 3.2 Unarmed Combat
 * Level 2.3 Invocations
 * Level 1.8 Evocations
 * Level 1.4 Shapeshifting


You had 3 spell levels left.
You didn't know any spells.
Your spell library contained the following spells:

 Spells                   Type           Power      Damage    Failure   Level
 Jinxbite                 Hex            0%         N/A       50%         2
 Inner Flame              Hex/Fire       0%         N/A       75%         3
 Summon Blazeheart Golem  Fire/Summ      0%         N/A       98%         4
 Irradiate                Conj/Alch      0%         3d11      100%        5
 Yara's Violent Unravell  Hex/Alch       0%         3d3       100%        5
 Enfeeble                 Hex            0%         N/A       100%        7
 Orb of Destruction       Conj           0%         9d5       100%        7
 Spellforged Servitor     Conj/Summ      0%         N/A       100%        7
 Ignition                 Fire           0%         3d3       100%        8


Dungeon Overview and Level Annotations

Branches:
Dungeon (4/15)
 Temple: D:4-7

Altars:

Annotations:
D:3 Robin


Innate Abilities, Weirdness & Mutations

You have a tail ending in a sharp stinger.


Message History

You feel invigorated.
The goblin no longer looks unusually strong.
The goblin barely misses you. The goblin hits you with a +0 club.
* * * LOW HITPOINT WARNING * * *
The goblin attacks as it pursues you! The goblin barely misses you.
The goblin attacks as it pursues you! The goblin misses you.
You feel less invigorated.
You feel less confused.
The goblin no longer looks unusually strong.
Robin roars a battlecry!
The goblins go into a battle-frenzy!
The goblin closely misses you. The goblin attacks as it pursues you!
The goblin closely misses you. The goblin attacks as it pursues you!
The goblin misses you. The goblin attacks as it pursues you!
The goblin hits you with a +0 club.
* * * LOW HITPOINT WARNING * * *
The goblin no longer looks unusually strong. x2
The goblin attacks as it pursues you! The goblin hits you with a +0 dagger.
* * * LOW HITPOINT WARNING * * *
The goblin attacks as it pursues you! The goblin closely misses you.
There is an escape hatch in the floor here.
The hobgoblin no longer looks unusually strong.
The goblin hits you with a +0 dagger.
* * * LOW HITPOINT WARNING * * *
The goblin misses you.
You slide downwards.
The hatch slams shut behind you.
The adder hisses angrily.
Found a leather armour, a scroll labelled ONNOLE ALAAMAI and a potion of haste.
You feel better. The goblin hits you with a +0 dagger.
The goblin hits you with a +0 club.
* * * LOW HITPOINT WARNING * * *
The goblin misses you. The adder misses you.
The goblin attacks as it pursues you! The goblin hits you with a +0 club.
* * * LOW HITPOINT WARNING * * *
It was a potion of cancellation.
You feel magically purged. The adder bites you.
* * * LOW HITPOINT WARNING * * *
The goblin barely misses you. The goblin hits you with a +0 club.
You die...

#.............
#....!.........
#.............#
###..............
#...........?..#
#....[......#
#..........#
#...ggS..#
#####@#### ###


You could see an adder and 2 goblins.

Vanquished Creatures
  3 gnolls (D:3)
  3 adders
  3 dart slugs
  2 ribbon worms
  4 ball pythons
  An endoplasm (D:1)
  6 goblins
  3 hobgoblins
  2 jackals (D:3)
  5 quokkas
  3 bats
  2 frilled lizards (D:2)
  3 kobolds
  3 rats
43 creatures vanquished.

Notes
Turn   | Place    | Note
-------+----------+-------------------------------------------
     0 | D:1      | Gadfly the Demonspawn Monk began the quest for the Orb.
     0 | D:1      | Reached XP level 1. HP: 18/18 MP: 1/1
   179 | D:1      | Gained mutation: You have a small tail. [demonic ancestry]
   179 | D:1      | Reached XP level 2. HP: 24/24 MP: 2/2
   329 | D:1      | Reached skill level 1 in Invocations
  1167 | D:2      | Reached skill level 1 in Evocations
  1171 | D:2      | Reached XP level 3. HP: 23/29 MP: 2/4
  1562 | D:2      | Reached skill level 1 in Shapeshifting
  2146 | D:3      | Gained mutation: You have a tail ending in a sharp stinger.
                  | [demonic ancestry]
  2146 | D:3      | Reached XP level 4. HP: 26/35 MP: 5/5
  2445 | D:3      | Noticed Robin
  2457 | D:3      | HP: 1/35 [goblin/+0 club[Robin] (5)]
  2469 | D:4      | HP: 1/35 [adder (2)]
  2469 | D:4      | Slain by a goblin

Illustrated notes

Levels and vault maps discovered:
D:1:      co_arrival_random_square_maze, layout_loops_ring
D:2:      layout_loops_corners, basic_altar
D:3:      layout_basic, uniq_robin
D:4:      layout_cave_pods, kiku_gazebo_pond_becter, kennysheep_slug_shrine,
          lemuel_round_altar

Skill      XL: |  1  2  3 |
---------------+----------+-----
Invocations    | 1 2 |  2.3
Unarmed Combat | 3 |  3.2
Evocations     | 1 |  1.8
Shapeshifting  | 1 |  1.4
Dodging        | 3 |  3.0
Fighting       | |  3.0

Action                     |  1- 3 |  4- 6 || total
---------------------------+-------+-------++-------
  Melee: Unarmed           |    61 |    29 ||    90
         Tailslap          |     6 |     3 ||     9
    Use: Scroll            |     8 |     1 ||     9
         Potion            |       |     3 ||     3
 Armour: Robe              |    22 |    32 ||    54
  Dodge: Dodged            |    32 |    35 ||    67
